 Dungeon Crawl Stone Soup version 0.29-a0-541-gaf1fc19f1b (webtiles) character file.

Game seed: 5240944321515571248

12709 benadryl the Blocker (level 11, -1/163 HPs)
             Began as a Gargoyle Fighter on June 2, 2022.
             Was a Priest of Trog.
             Slain by a two-headed ogre
             ... wielding a +0 giant spiked club
              (11 damage)
             ... on level 11 of the Dungeon.
             The game lasted 00:22:47 (12728 turns).

benadryl the Blocker (Gargoyle Fighter)            Turns: 12728, Time: 00:22:48

Health: -1/163     AC: 17    Str: 24    XL:     11   Next: 97%
Magic:  11/11      EV:  2    Int:  9    God:    Trog [***...]
Gold:   466        SH: 18    Dex:  9    Spells: 10/10 levels left

rFire   . . .      SeeInvis .   a - +1 war axe
rCold   + . .      Faith    +   n - +1 tower shield
rNeg    + . .      Spirit   .   (body armour currently unavailable)
rPois   ∞          Reflect  .   (helmet currently unavailable)
rElec   .          Harm     .   (cloak currently unavailable)
rCorr   .          Rampage  .   (gloves currently unavailable)
Will    .....      NoTele   +   (boots currently unavailable)
Stlth   ..........              e - amulet of faith
HPRegen 0.37/turn               p - +4 ring of evasion
MPRegen 0.12/turn               C - ring of protection from cold

@: berserking (expiring), tree-form, corroded, hasted, studying Bows, very quick
A: stationary, stasis, torment immunity, boosted hp, sickness immunity, AC +8,
negative energy resistance 1, (electricity resistance), torment resistance 1,
petrification resistance
a: Renounce Religion, Berserk, Trog's Hand


You were on level 11 of the Dungeon.
You worshipped Trog.
Trog was most pleased with you.
You were a tree.
You visited 2 branches of the dungeon, and saw 13 of its levels.

You collected 466 gold pieces.

Inventory:

Hand Weapons
 a - a +1 war axe (weapon)
Missiles
 i - 5 curare-tipped darts
 m - 2 throwing nets (quivered)
Armour
 b - a +0 plate armour (melded)
 f - a +1 pair of gloves
 h - a +0 pair of gloves (melded)
 l - a +0 helmet (melded)
 n - a +1 tower shield (worn)
 y - a +2 cloak (melded)
 z - a +0 pair of boots (melded)
Jewellery
 e - an amulet of faith (around neck)
 p - a +4 ring of evasion (left branch)
 C - a ring of protection from cold (right branch)
 D - a ring of fire
 H - a ring of resist corrosion
Wands
 c - a wand of mindburst (8)
 j - a wand of polymorph (8)
 o - a wand of paralysis (4)
 s - a wand of flame (14)
 x - a wand of iceblast (20)
 F - a wand of digging (8)
 G - a wand of charming (9)
Scrolls
 d - 2 scrolls of poison
 q - 2 scrolls of fog
 t - a scroll of vulnerability
 v - 2 scrolls of teleportation
Potions
 g - 2 potions of flight
 k - 3 potions of mutation
 r - 2 potions of haste
 u - a potion of berserk rage {unknown}
 w - a potion of cancellation {unknown}
 A - 3 potions of attraction
 B - 2 potions of curing {@q1}
 E - 2 potions of lignification


   Skills:
 + Level 10.9 Fighting
 * Level 9.7 Axes
 - Level 3.2 Armour
 + Level 14.1 Shields


You had 10 spell levels left.
You didn't know any spells.
Your spell library contained the following spells:

 Spells                   Type           Power      Damage    Failure   Level
 Beastly Appendage        Tmut           0%         N/A       85%         1
 Blink                    Tloc           0%         N/A       94%         2
 Poisonous Vapours        Pois/Air       0%         N/A       94%         2
 Wereblood                Tmut           0%         N/A       94%         2
 Confusing Touch          Hex            0%         N/A       99%         3
 Lesser Beckoning         Tloc           0%         N/A       99%         3
 Spider Form              Tmut/Pois      0%         N/A       99%         3
 Corpse Rot               Necr/Pois/Air  0%         N/A       100%        4
 Manifold Assault         Tloc           0%         N/A       100%        5
 Yara's Violent Unravell  Hex/Tmut       0%         3d3       100%        5
 Enfeeble                 Hex            0%         N/A       100%        7


Dungeon Overview and Level Annotations

Branches:
Dungeon (12/15)            Temple (1/1) D:4             Orc (0/2) D:10
   Lair: D:8-11

Altars:
Ashenzari
Cheibriados
Dithmenos
Elyvilon
Fedhas
Gozag
Hepliaklqana
Kikubaaqudgha
Makhleb
Nemelex Xobeh
Okawaru
Qazlal
Ru
Sif Muna
Trog
Uskayaw
Vehumet
Wu Jian
Xom
Yredelemnul
Zin
The Shining One

Shops:
D:2 :

Annotations:
D:3 2 transporters, hquester1's ghost, amateur TrFi
D:12 3 runed translucent doors, MechDurjaeses's ghost, journeyman TrFi


Innate Abilities, Weirdness & Mutations

You are a tree.
Your roots penetrate the ground, keeping you stationary.
You cannot be teleported.
You are immune to unholy pain and torment.
Your maximum health is greatly increased.
Your equipment is partially melded.
You are immune to sickness and miasma.
((Your stone body is resilient. (AC +8)))
You are immune to poison.
You resist negative energy. (rN+)
((You are resistant to electric shocks. (rElec)))
You are resistant to unholy torment.
You are immune to petrification.


Message History

You hit Psyche.
Psyche is heavily wounded.
You barely miss the two-headed ogre. You block Psyche's attack.
The two-headed ogre hits you with a +0 giant spiked club!
The two-headed ogre hits you with a +0 giant club!
* * * LOW HITPOINT WARNING * * *
You slash Psyche!
Psyche is almost dead.
You hit the two-headed ogre.
Psyche gestures wildly while chanting.
A swirling arc of seething chaos appears!
The arc of chaos hits you but does no damage.
You resist.
You hit Psyche but do no damage.
Psyche is almost dead.
You slash the two-headed ogre! You block Psyche's attack.
The two-headed ogre hits you with a +0 giant spiked club!
* * * LOW HITPOINT WARNING * * *
The two-headed ogre hits you with a +0 giant club.
* * * LOW HITPOINT WARNING * * *
You slice Psyche!!
You kill Psyche!
Trog accepts your kill.
Trog appreciates your killing of a magic user.
You hit the two-headed ogre. The acid dragon spits acid at you.
The splash of acid hits you!
* * * LOW HITPOINT WARNING * * *
The acid corrodes you!
You are too berserk!
You hit the two-headed ogre.
The two-headed ogre is heavily wounded.
You block the two-headed ogre's attack.
The two-headed ogre hits you with a +0 giant club.
* * * LOW HITPOINT WARNING * * *
You slice the two-headed ogre!!
The two-headed ogre is severely wounded.
You slash the acid dragon! You block the acid dragon's attack. x2
The two-headed ogre hits you with a +0 giant spiked club!
You die...

§...............# ###
§...............# ##.##
................###...#
................#)....#
.....................##
...........####......#
...........#.........#
...............O##.###
..........)###gD♣###
...........###.#######
....##..##.##...#....#
##......#.....#......#
##....###.#..#.....##
#.... ...##.......#
....##...#........# .
..#........#
.....###.##


You could see a two-headed ogre, an acid dragon (catching breath) and a gnoll.

Vanquished Creatures
  A two-headed ogre (D:11)
  Urug (D:11)
  Sonja (D:11)
  2 cyclopes (D:12)
  Maurice (D:8)
  2 gargoyles
  Psyche (D:11)
  4 trolls
  10 slime creatures (D:12)
  2 hornets
  3 wyverns
  2 steam dragons
  6 vampire mosquitoes (D:12)
  2 acid dragons
  4 water moccasins
  2 orc warriors
  An ice beast (D:7)
  2 ogres (D:5)
  7 black bears
  2 centaurs
  2 kobold brigands
  2 bullfrogs
  A gnoll sergeant (D:10)
  3 scorpions (D:5)
  16 killer bees
  6 wights
  11 howler monkeys
  5 hounds
  A jelly (D:6)
  2 orc priests
  Crazy Yiuf (D:6)
  6 iguanas
  Ijyb (D:3)
  4 orc wizards
  A human simulacrum (D:10)
  8 gnolls
  6 adders
  A shadow imp (D:5)
  3 worms (D:2)
  2 dart slugs (D:3)
  18 orcs
  3 ball pythons
  2 bats (D:3)
  4 endoplasms
  9 goblins
  4 hobgoblins
  4 jackals (D:2)
  2 quokkas
  2 frilled lizards (D:2)
  13 kobolds
  5 rats
204 creatures vanquished.

Vanquished Creatures (others)
  A wight (D:8)
  A fungus (D:6)
  32 plants (D:11)
34 creatures vanquished.

Grand Total: 238 creatures vanquished

Notes
Turn   | Place    | Note
-------+----------+-------------------------------------------
     0 | D:1      | benadryl the Gargoyle Fighter began the quest for the Orb.
     0 | D:1      | Reached XP level 1. HP: 14/14 MP: 1/1
   373 | D:1      | Reached XP level 2. HP: 19/19 MP: 2/2
  1153 | D:2      | Reached XP level 3. HP: 23/23 MP: 3/3
  1291 | D:2      | Reached XP level 4. HP: 29/29 MP: 4/4
  1449 | D:2      | Found a faded altar of an unknown god.
  1704 | D:2      | Found Qoptoigy's Book Shop.
  1919 | D:3      | Reached skill level 4 in Shields
  2242 | D:3      | You fall into a shaft and drop 3 floors!
  2250 | D:6      | Noticed a hornet
  2257 | D:6      | Killed a hornet
  2258 | D:6      | Reached XP level 5. HP: 27/34 MP: 5/5
  2258 | D:6      | Reached XP level 6. HP: 32/39 MP: 6/6
  2656 | D:5      | Entered Level 5 of the Dungeon
  2726 | D:5      | Reached skill level 5 in Fighting
  2726 | D:5      | Reached skill level 5 in Shields
  2726 | D:5      | Reached XP level 7. HP: 15/44 MP: 7/7
  2741 | D:5      | Reached skill level 5 in Axes
  3005 | D:4      | Found a staircase to the Ecumenical Temple.
  3012 | Temple   | Entered the Ecumenical Temple
  3274 | Temple   | Became a worshipper of Trog the Wrathful
  3800 | D:3      | Noticed Ijyb
  3821 | D:3      | Killed Ijyb
  4164 | D:3      | Found a transporter.
  4189 | D:3      | Found a transporter.
  4377 | D:3      | Noticed hquester1's ghost (amateur TrFi)
  4400 | D:3      | Found an iron altar of Okawaru.
  4542 | D:5      | Reached skill level 6 in Shields
  4588 | D:5      | Reached * piety under Trog
  4611 | D:5      | Found a stormy altar of Qazlal.
  4614 | D:5      | Found an ancient bone altar of Kikubaaqudgha.
  4617 | D:5      | Found a shimmering altar of Xom.
  4620 | D:5      | Found a blossoming altar of Fedhas.
  4674 | D:5      | Reached XP level 8. HP: 44/51 MP: 8/8
  5058 | D:5      | Reached skill level 7 in Shields
  5433 | D:6      | Reached skill level 8 in Shields
  5442 | D:6      | Noticed a wyvern
  5672 | D:6      | Killed a wyvern
  5673 | D:6      | Reached XP level 9. HP: 56/56 MP: 9/9
  6119 | D:6      | Reached skill level 9 in Shields
  6238 | D:6      | Found a runed translucent door.
  6239 | D:6      | Noticed Crazy Yiuf
  6348 | D:6      | Killed Crazy Yiuf
  6798 | D:7      | Found a white marble altar of Elyvilon.
  7240 | D:7      | Reached ** piety under Trog
  7493 | D:8      | Noticed Maurice
  7629 | D:8      | Noticed a hornet
  7641 | D:8      | Reached skill level 10 in Shields
  7644 | D:8      | Killed a hornet
  7885 | D:8      | Reached XP level 10. HP: 42/64 MP: 10/10
  8009 | D:8      | Found a burning altar of Makhleb.
  8053 | D:8      | Killed Maurice
  8107 | D:9      | Reached skill level 11 in Shields
  9680 | D:9      | Reached *** piety under Trog
 10254 | D:10     | Entered Level 10 of the Dungeon
 10352 | D:10     | Reached skill level 12 in Shields
 10408 | D:10     | Noticed a two-headed ogre
 10410 | D:10     | Noticed Psyche
 10467 | D:11     | Noticed Sonja
 10474 | D:11     | Killed Sonja
 10475 | D:11     | Reached XP level 11. HP: 17/72 MP: 11/11
 10894 | D:11     | Noticed a two-headed ogre
 10894 | D:11     | Noticed Urug
 10911 | D:11     | Killed a two-headed ogre
 10919 | D:11     | Killed Urug
 10919 | D:11     | Noticed a two-headed ogre
 10920 | D:11     | Reached skill level 10 in Fighting
 10920 | D:11     | Reached skill level 13 in Shields
 10923 | D:11     | HP: 2/72 [acid dragon/splash of acid (19)]
 11011 | D:12     | Noticed a tengu reaver
 11011 | D:12     | Noticed MechDurjaeses's ghost (journeyman TrFi)
 11012 | D:12     | Noticed a manticore
 11017 | D:12     | Noticed a deep elf pyromancer
 11023 | D:12     | Found a runed translucent gate.
 11023 | D:12     | Found a runed translucent gate.
 11023 | D:12     | Found a runed translucent gate.
 11163 | D:12     | Noticed a cyclops
 11175 | D:12     | Killed a cyclops
 11283 | D:12     | Noticed a cyclops
 11298 | D:12     | Killed a cyclops
 11389 | D:12     | HP: 2/73 [slime creature (5)]
 11598 | D:12     | Reached skill level 14 in Shields
 12726 | D:11     | Killed Psyche
 12728 | D:11     | Slain by a two-headed ogre

Illustrated notes

Levels and vault maps discovered:
D:1:      psy_arrival_conway, layout_basic, minmay_misc_feat_plants
D:2:      layout_basic, serial_shops, shop,
          hellmonk_ecumenical_altar_arch_garden
D:3:      layout_loops_ring, okawaru_altar_gauntlet_db,
          gammafunk_ghost_mausoleum, item_on_display_a, uniq_ijyb
D:4:      layout_rooms, minmay_temple_entry_junction
D:5:      layout_basic, grunt_temple_overflow_cloverleaf, serial_glass,
          glass_columns_c, glass_columns_b, small_statue_alley_b
D:6:      layout_loops_ring, minivault_26, chequers_serial_rivers_room_a,
          uniq_crazy_yiuf_cottage
D:7:      layout_gridville, elyvilon_altar_3, nicolae_benzene_ring
D:8:      layout_loops_cross, mainiacjoe_overflow_tiny_flanked,
          roderic_st_hans_cross, uniq_maurice
D:9:      layout_rooms
D:10:     layout_small_grid, kennysheep_orc_monster_closet_entryway,
          enter_trove_1, serial_shops, nicolae_shop_behind_doors,
          library_closet, bh_circular_ruins, uniq_psyche
D:11:     regret_index_combs_of_tragedy, layout_cave_pools, david_lair_shrubbed,
          uniq_urug, uniq_sonja
D:12:     layout_gridville, gammafunk_ghost_split, gauntlet_entry_generic
Temple:   regret_index_temple_generic_petals

Skill      XL: |  1  2  3  4  5  6  7  8  9 10 11 |
---------------+----------------------------------+-----
Axes           | 2 4 5 6 7 8 9 |  9.7
Fighting       | 4 5 6 8 9 10 | 10.9
Shields        | 4 5 6 8 10 12 14 | 14.1
Armour         | |  3.2

Action                   |  1- 3 |  4- 6 |  7- 9 | 10-12 || total
-------------------------+-------+-------+-------+-------++-------
Melee: War axe           |    81 |    68 |   322 |   362 ||   833
       Unarmed           |       |       |       |    17 ||    17
Throw: Throwing net      |       |       |       |     2 ||     2
Invok: Berserk           |       |       |     4 |     9 ||    13
       Trog's Hand       |       |       |       |     2 ||     2
Evoke: Wand              |       |       |       |    15 ||    15
  Use: Scroll            |       |     3 |     7 |    13 ||    23
       Potion            |       |       |     1 |     4 ||     5
 Stab: Paralysed         |       |       |       |     3 ||     3
Armor: Scale mail        |    40 |    18 |       |       ||    58
       Chain mail        |       |    17 |     1 |       ||    18
       Plate armour      |       |       |   276 |   281 ||   557
       Skin              |       |       |       |     5 ||     5
Dodge: Dodged            |    35 |    33 |   129 |   213 ||   410
Block: Buckler           |    18 |     9 |     1 |       ||    28
       Tower shield      |       |       |   318 |   508 ||   826

Table legend: (Time is in decaauts)
 A = Elapsed time spent in this place.
 B = Non-inter-level travel time spent in this place.
 C = Inter-level travel time spent in this place.
 D = Time resting spent in this place.
 E = Time spent auto-exploring this place.
 F = Levels seen in this place.
 G = Mean time per level.
                   A        B        C        D        E       F      G
               +--------+--------+--------+--------+--------+-----+--------+
         Total |  13168 |  12510 |    658 |   3851 |   6140 |  13 | 1012.9 |
       Dungeon |  12892 |  12295 |    597 |   3851 |   5937 |  12 | 1074.3 |
        Temple |    276 |    215 |     61 |      0 |    203 |   1 |  276.0 |
               +--------+--------+--------+--------+--------+-----+--------+

Top non-repeatable levels by time:
     D:8: 2166 daAuts
    D:12: 1788 daAuts
     D:6: 1338 daAuts
     D:5: 1276 daAuts
     D:3: 1222 daAuts
     D:2: 1127 daAuts
     D:7: 974 daAuts
     D:9: 767 daAuts
     D:1: 758 daAuts
     D:4: 687 daAuts
    D:11: 610 daAuts
  Temple: 276 daAuts
    D:10: 174 daAuts
